 Dungeon Crawl Stone Soup version 0.19-a0-1073-g541410e (webtiles) character file.

6510 pppaaasssddd the Geomancer (level 11, -12/64 HPs)
             Began as a Gargoyle Earth Elementalist on Aug 6, 2016.
             Was a Believer of Vehumet.
             Engulfed by a cloud of flame (25 damage)
             ... on level 8 of the Dungeon.
             The game lasted 00:45:15 (11621 turns).

pppaaasssddd the Geomancer (GrEE)                  Turns: 11621, Time: 00:45:16

Health: -12/64     AC: 13    Str: 12    XL:     11   Next: 0%
Magic:  14/23      EV: 13    Int: 23    God:    Vehumet [**....]
Gold:   467        SH:  0    Dex: 10    Spells: 5 memorised, 7 levels left

rFire  . . .     SeeInvis .     r - +2 whip (drain)
rCold  . . .     Gourm    +     c - +0 robe
rNeg   + . .     Faith    .     (no shield)
rPois  ∞         Spirit   .     (no helmet)
rElec  +         Dismiss  .     l - +0 cloak
rCorr  .         Reflect  .     u - +1 pair of gloves
SustAt .         Harm     .     (no boots)
MR     .....                    y - amulet of the gourmand
Stlth  ++........               (no ring)
                                f - +4 ring of intelligence

@: very slightly contaminated
A: negative energy resistance 1, electricity resistance, unbreathing,
petrification resistance, rot immunity, AC +7
a: Renounce Religion


You were on level 8 of the Dungeon.
You worshipped Vehumet.
Vehumet was pleased with you.
You were very full.

You visited 2 branches of the dungeon, and saw 9 of its levels.
You also visited: Sewer.

You collected 467 gold pieces.

Inventory:

Hand Weapons
 r - a +2 whip of draining (weapon)
 z - a +1 whip of freezing
 K - a +1 glaive
 M - a +0 spear of flaming
Missiles
 b - 203 stones (quivered)
Armour
 c - a +0 robe (worn)
 l - a +0 cloak (worn)
 u - a +1 pair of gloves (worn)
Jewellery
 f - a +4 ring of intelligence (left hand)
 y - an amulet of the gourmand (around neck)
 B - a +4 amulet of reflection
 F - an uncursed ring of fire
Wands
 D - a wand of flame (31/48)
 G - a wand of polymorph (10/24)
Scrolls
 g - 2 scrolls of magic mapping
 o - a scroll of immolation
 p - 4 scrolls of remove curse
 A - 3 scrolls of recharging
Potions
 a - 3 potions of flight {unknown}
 h - 3 potions of cure mutation
 i - 4 potions of lignification
 k - 4 potions of curing
 m - a potion of degeneration {unknown}
 s - a potion of might
 t - 2 potions of berserk rage {unknown}
 v - a potion of haste {unknown}
 x - a potion of beneficial mutation {unknown}
 E - 2 potions of cancellation {unknown}
Books
 e - a book of Geomancy

   Spells                             Type                      Level
   a - Sandblast                      Earth                        1
   b - Passwall                       Transmutation/Earth          2
   c - Stone Arrow                    Conjuration/Earth            3
   d - Petrify                        Transmutation/Earth          4
   e - Lee's Rapid Deconstruction     Earth                        5
 j - a book of Misfortune

   Spells                             Type                      Level
   a - Confusing Touch                Hexes                        1
   b - Confuse                        Hexes                        3
   c - Gell's Gravitas                Hexes/Translocation          3
   d - Petrify                        Transmutation/Earth          4
   e - Metabolic Englaciation         Hexes/Ice                    5
   f - Yara's Violent Unravelling     Hexes/Transmutation          5
 J - a book of the Earth

   Spells                             Type                      Level
   a - Leda's Liquefaction            Hexes/Earth                  4
   b - Bolt of Magma                  Conjuration/Fire/Earth       5
   c - Statue Form                    Transmutation/Earth          6
   d - Iron Shot                      Conjuration/Earth            6
   e - Shatter                        Earth                        9
 L - a Necronomicon

   Spells                             Type                      Level
   a - Haunt                          Necromancy/Summoning         7
   b - Borgnjor's Revivification      Necromancy                   8
   c - Death's Door                   Charms/Necromancy            8
   d - Infestation                    Necromancy                   8
   e - Necromutation                  Transmutation/Necromancy     8
Comestibles
 d - 4 bread rations
 n - a meat ration
 w - a royal jelly
 C - 4 fruits
 H - a chunk of flesh


   Skills:
 + Level 5.3 Fighting
 + Level 4.4 Maces & Flails
 + Level 4.9 Armour
 + Level 4.0 Dodging
 - Level 2.1 Stealth
 * Level 8.9 Spellcasting
 + Level 6.4 Conjurations
   Level 0.7 Transmutations
 * Level 2.3 Fire Magic
 + Level 9.0 Earth Magic


You had 7 spell levels left.
You knew the following spells:

 Your Spells              Type           Power        Failure   Level  Hunger
a - Sandblast             Erth           ######       1%          1    None
b - Stone Arrow           Conj/Erth      #####.       1%          3    None
c - Lee's Rapid Deconstr  Erth           ######....   6%          5    ####...
d - Bolt of Magma         Conj/Fire/Erth #####.....   17%         5    ####...
e - Iron Shot             Conj/Erth      #####.....   50%         6    ######.


Dungeon Overview and Level Annotations

Branches:
Dungeon (8/15)             Temple (1/1) D:5
   Lair: D:8-11

Altars:
Ashenzari
Cheibriados
Dithmenos
Elyvilon
Fedhas
Gozag
Hepliaklqana
Kikubaaqudgha
Makhleb
Nemelex Xobeh
Okawaru
Pakellas
Qazlal
Ru
Sif Muna
Trog
Uskayaw
Vehumet
Xom
Yredelemnul
Zin
The Shining One

Shops:
D:8 *


Innate Abilities, Weirdness & Mutations

You are resistant to torment.
Your stone body is resilient. (AC +7)
You are immune to poison.
You resist negative energy. (rN+)
You are resistant to electric shocks. (rElec)
You can survive without breathing.
You are immune to petrification.
You are immune to rotting.


Message History

Casting: Bolt of Magma
Confirm with . or Enter, or press ? or * to list all spells.
Aiming: Bolt of Magma
Press: ? - help, Shift-Dir - straight line, f/p - queen bee
Aim: a queen bee (severely wounded, inner flame)
The bolt of magma hits the queen bee.
The queen bee explodes!
The fiery explosion engulfs you!
Ouch! That really hurt!
* * * LOW HITPOINT WARNING * * *
The fiery explosion engulfs the killer bee.
You kill the killer bee!
Vehumet accepts your kill.
You feel your power returning. Vehumet accepts your kill.
Your Dodging skill increases to level 4!
You have reached level 11!
The bolt of magma misses the killer bee.
You are engulfed in roaring flames.
You die...

#....# #...###
#.y...####...
#............
#.##†.#######
#.##.## ##.#..#
######....###
#.@%%yy.....#
#.####y..##.# #
#. ##.###.#####
# #.
#.##..)##.###
#.
#.......(#...
#.
#.##...##(###
#. .......###.#
#.
.#####..###<###
#..#......


You could see 3 killer bees.

Vanquished Creatures
  Pikel (D:4)
  The ghost of vetinari the Spear-Bearer, a novice TeSk (D:6)
  Joseph (D:7)
  A two-headed ogre (D:8)
  Grinder (Sewer)
  A queen bee (D:8)
  2 hippogriffs
  Grum (D:8)
  A hungry ghost (D:5)
  A water moccasin (D:7)
  3 ice beasts
  An ogre (D:4)
  A black bear (D:7)
  5 orc warriors
  A phantom (D:4)
  A centaur (D:8)
  3 wolves (D:8)
  2 big kobolds (Sewer)
  3 giant frogs
  A gnoll sergeant (D:8)
  12 killer bees
  A howler monkey (D:7)
  8 wights (D:6)
  2 crimson imps
  A giant frog zombie (D:7)
  10 orc wizards
  A quasit (Sewer)
  4 orc priests
  A giant frog skeleton (D:4)
  5 hounds
  5 jellies
  A centaur skeleton (D:4)
  An iguana (D:4)
  Ijyb (D:3)
  Natasha (thrice) (D:4)
  6 worker ants
  2 big kobold zombies (Sewer)
  A hound zombie (D:7)
  11 gnolls
  7 adders
  6 shadow imps
  3 ufetubi (Sewer)
  An adder skeleton (D:7)
  A worm (D:3)
  2 dart slugs
  8 giant geckos
  16 orcs
  10 giant cockroaches
  8 hobgoblins
  16 jackals
  3 quokkas
  2 ball pythons
  11 bats
  12 giant newts
  7 goblins
  21 kobolds
  A kobold zombie (Sewer)
  A quokka skeleton (D:4)
  5 rats
249 creatures vanquished.

Vanquished Creatures (others)
  A slave (D:4)
  A hound (D:4)
  A worker ant (D:4)
  A hound skeleton (D:4)
  2 adders (D:4)
  A worm (D:4)
  A giant cockroach (D:4)
8 creatures vanquished.

Grand Total: 257 creatures vanquished

Notes
Turn   | Place    | Note
-------+----------+-------------------------------------------
     0 | D:1      | pppaaasssddd the Gargoyle Earth Elementalist began the quest for the Orb.
     0 | D:1      | Reached XP level 1. HP: 10/10 MP: 3/3
   136 | D:1      | Reached XP level 2. HP: 15/15 MP: 1/5
   379 | D:1      | Reached skill level 4 in Earth Magic
   472 | D:1      | Reached XP level 3. HP: 19/19 MP: 2/7
   492 | D:1      | Learned a level 3 spell: Stone Arrow
  1055 | D:2      | Found an iron altar of Okawaru.
  1320 | D:2      | Reached XP level 4. HP: 15/24 MP: 5/8
  1549 | D:2      | Reached skill level 1 in Conjurations
  2218 | D:2      | Reached XP level 5. HP: 23/28 MP: 10/10
  2498 | D:2      | Reached skill level 5 in Earth Magic
  2625 | D:3      | Noticed Ijyb
  2630 | D:3      | Killed Ijyb
  2801 | D:3      | Found a glowing drain.
  2809 | Sewer    | Entered a sewer
  3436 | Sewer    | Found a burning altar of Makhleb.
  3436 | Sewer    | Noticed a big kobold
  3445 | Sewer    | Reached XP level 6. HP: 32/32 MP: 4/12
  3668 | Sewer    | Noticed Grinder
  3683 | Sewer    | Killed Grinder
  3683 | Sewer    | Reached skill level 5 in Spellcasting
  3683 | Sewer    | Reached skill level 6 in Earth Magic
  3683 | Sewer    | Reached XP level 7. HP: 21/36 MP: 1/14
  4248 | D:3      | You fall through a shaft for 2 floors!
  4248 | D:5      | Entered Level 5 of the Dungeon
  4269 | D:5      | Found a staircase to the Ecumenical Temple.
  4280 | Temple   | Entered the Ecumenical Temple
  4703 | Temple   | Learned a level 5 spell: Lee's Rapid Deconstruction
  5715 | D:3      | Reached XP level 8. HP: 41/42 MP: 13/17
  6077 | D:4      | Reached skill level 1 in Fighting
  6077 | D:4      | Reached skill level 1 in Armour
  6144 | D:4      | Noticed Natasha
  6144 | D:4      | Killed Natasha
  6144 | D:4      | Reached skill level 1 in Maces & Flails
  6162 | D:4      | Noticed Natasha
  6172 | D:4      | Killed Natasha
  6172 | D:4      | Reached skill level 7 in Earth Magic
  6295 | D:4      | Noticed Natasha
  6301 | D:4      | Killed Natasha
  6302 | D:4      | Noticed Pikel
  6310 | D:4      | Killed Pikel
  6674 | D:4      | Reached XP level 9. HP: 48/49 MP: 15/19
  7123 | D:5      | Found a stormy altar of Qazlal.
  7128 | D:5      | Found a shadowy altar of Dithmenos.
  7132 | D:5      | Found a shimmering altar of Xom.
  7133 | D:5      | Found a hazy altar of Hepliaklqana.
  7133 | D:5      | Found a sacrificial altar of Ru.
  7133 | D:5      | Found a glowing silver altar of Zin.
  7133 | D:5      | Found a radiant altar of Vehumet.
  7135 | D:5      | Found a deep blue altar of Sif Muna.
  7136 | D:5      | Found a sparkling altar of Nemelex Xobeh.
  7137 | D:5      | Found a white marble altar of Elyvilon.
  7138 | D:5      | Found a basalt altar of Yredelemnul.
  7143 | D:5      | Became a worshipper of Vehumet
  8095 | D:6      | Noticed vetinari's ghost (novice TeSk)
  8133 | D:6      | Killed vetinari's ghost
  8133 | D:6      | Reached skill level 5 in Conjurations
  8563 | D:6      | Reached skill level 8 in Earth Magic
  8728 | D:6      | Reached * piety under Vehumet
  8728 | D:6      | Offered knowledge of Shock by Vehumet.
  9180 | D:7      | Reached XP level 10. HP: 56/56 MP: 14/21
  9650 | D:7      | Noticed Joseph
  9910 | D:7      | Killed Joseph
 10814 | D:8      | Reached ** piety under Vehumet
 10957 | D:8      | Learned a level 5 spell: Bolt of Magma
 10964 | D:8      | Learned a level 6 spell: Iron Shot
 10978 | D:8      | Noticed Grum
 11000 | D:8      | Offered knowledge of Magic Dart by Vehumet.
 11028 | D:8      | Killed Grum
 11028 | D:8      | Reached skill level 1 in Fire Magic
 11230 | D:8      | Reached skill level 5 in Fighting
 11383 | D:8      | Found Fiol Ebb's General Store.
 11603 | D:8      | Reached skill level 9 in Earth Magic
 11621 | D:8      | Reached XP level 11. HP: 13/64 MP: 14/23
 11621 | D:8      | Engulfed by a cloud of flame

Vault maps used:
D:1:      dpeg_arrival_simpleton_c, st_stairs_5, minmay_newt_pond
D:2:      okawaru_trees_1, minmay_tree_intersection
D:3:      first_bread, gup_sewer_entry_bubbles, uniq_iyjb
D:4:      kennysheep_generic_room_7, uniq_pikel, uniq_natasha
D:5:      minitemple, nicolae_underground_beach
D:6:      minmay_holes
D:7:      uniq_joseph
D:8:      serial_shops, nicolae_shop_statue_plus, david_nohive_1, uniq_grum,
          uniq_prince_ribbit1
Temple:   jpeg_temple_alley_garden
Sewer:    kennysheep_sewer_church

Skill      XL: |  1  2  3  4  5  6  7  8  9 10 |
---------------+-------------------------------+-----
Earth Magic    | 4 5 6 7 8 9 |  9.0
Spellcasting   | 3 4 5 6 7 8 |  8.9
Conjurations   | 1 2 3 4 5 6 |  6.4
Fighting       | 2 3 5 |  5.3
Armour         | 2 3 4 |  4.9
Maces & Flails | 2 3 4 |  4.4
Dodging        | 2 3 4 |  4.0
Fire Magic     | 2 |  2.3
Stealth        | |  2.1
Transmutations | |  0.7

Action                   |  1- 3 |  4- 6 |  7- 9 | 10-12 || total
-------------------------+-------+-------+-------+-------++-------
Melee: Club              |     4 |       |       |       ||     4
       Spear             |       |    95 |       |       ||    95
       Whip              |       |    51 |   143 |   137 ||   331
 Cast: Sandblast         |    55 |    46 |    24 |     8 ||   133
       Stone Arrow       |     1 |    12 |    81 |    52 ||   146
       Lee's Rapid Decon |       |       |     5 |     7 ||    12
       Bolt of Magma     |       |       |       |     8 ||     8
  Use: Potion            |     1 |     2 |       |     9 ||    12
       Scroll            |     2 |     4 |     6 |     6 ||    18
 Stab: Sleeping          |       |     1 |     1 |     3 ||     5
  Eat: Chunk             |     1 |     9 |    28 |    12 ||    50
       Fruit             |       |       |     1 |       ||     1
       Beef jerky        |       |       |     1 |       ||     1
Armor: Robe              |    18 |    77 |    72 |    97 ||   264
Dodge: Dodged            |    44 |   125 |   101 |   157 ||   427
